 Dungeon Crawl Stone Soup version 0.16-a0-2034-ge585701 (webtiles) character file.

158 Fiveotanaka the Cudgeler (level 5, -8/55 HPs)
             Began as an Ogre Berserker on Nov 10, 2014.
             Was a Priest of Trog.
             Killed by divine providence
             ... invoked by an orc priest
              (12 damage)
             ... on level 3 of the Dungeon.
             The game lasted 00:04:41 (2271 turns).

Fiveotanaka the Cudgeler (Ogre Berserker)           Turns: 2271, Time: 00:04:41

Health: -8/55      AC:  3    Str: 22    XL:     5   Next: 40%
Magic:  5/5        EV: 10    Int:  6    God:    Trog [***...]
Gold:   62         SH:  0    Dex: 10    Spells: 0 memorised, 4 levels left

rFire  . . .     SeeInvis .     a - +0 mace
rCold  . . .     Clarity  .     b - +0 animal skin
rNeg   . . .     SustAb   .     (shield restricted)
rPois  .         Gourm    .     (helmet restricted)
rElec  .         Spirit   .     (no cloak)
rCorr  .         Warding  .     (gloves unavailable)
rMut   .         Stasis   .     (boots unavailable)
MR     .....                    (no amulet)
Stlth  +.........               (no ring)
                                (no ring)

@: not resistant to hostile enchantments, very unstealthy
A: unfitting armour, tough skin 1
a: Burn Spellbooks, Berserk, Trog's Hand, Renounce Religion


You were on level 3 of the Dungeon.
You worshipped Trog.
Trog was most pleased with you.
You were not hungry.

You visited 1 branch of the dungeon, and saw 3 of its levels.

You collected 62 gold pieces.

Inventory:

Hand weapons
 a - a +0 mace (weapon)
Armour
 b - a +0 animal skin (worn)
Magical devices
 i - a wand of random effects (15)
 j - a wand of enslavement (11)
Scrolls
 d - 2 scrolls of teleportation {unknown}
 e - 2 scrolls of remove curse {unknown}
 f - a scroll of identify {unknown}
 k - a scroll of enchant armour {unknown}
Potions
 l - a potion of restore abilities {unknown}
Comestibles
 c - 2 meat rations
 g - a beef jerky


   Skills:
 - Level 4.9 Fighting
 + Level 6.2 Maces & Flails
 - Level 1.6 Armour
 - Level 3.0 Dodging


You had 4 spell levels left.
You didn't know any spells.

Dungeon Overview and Level Annotations

Branches:
Dungeon (3/15)

Altars:
Ru


Innate Abilities, Weirdness & Mutations

You are too large for most types of armour.
You have tough skin (AC +1).


Message History

The orc hits you with a dagger. The orc hits you with a falchion.
You barely miss the orc.
The orc is severely wounded.
The orc misses you. The orc hits you with a falchion.
The orc throws a tomahawk.
The tomahawk hits you!
A giant gecko comes into view.
You barely miss the orc wizard.
The giant gecko moves out of view.
The orc barely misses you. The orc wizard barely misses you.
The orc hits you but does no damage. The orc hits you with a dagger.
The orc wizard hits you with a dagger. The orc closely misses you.
The orc priest mumbles some strange prayers to Beogh against you.
Something smites you!
* * * LOW HITPOINT WARNING * * *
The orc wizard hits you with a dagger.
* * * LOW HITPOINT WARNING * * *
The orc wizard casts a spell at you. The puff of frost misses you.
The orc priest invokes the aid of Beogh against you.
Something smites you!
You die...

########+#############
#.....@oolo..#.......##
...###........o...#.........
....#............o.#.........
.....#........................
......#......(......(#.........
...............##(..##.........
................+)...o..o......
................##.รท.##.........
#.#.................##.........


You could see an orc priest, an orc wizard, 3 orcs and a giant gecko.

Vanquished Creatures
  A hound (D:3)
  Ijyb (D:2)
  Terence (D:2)
  5 adders (D:2)
  A worm (D:2)
  An orc (D:3)
  A ball python (D:2)
  10 bats
  A giant cockroach (D:2)
  5 hobgoblins
  A quokka (D:2)
  2 giant geckos
  4 giant newts
  8 goblins
  5 kobolds
  7 rats
54 creatures vanquished.

Notes
Turn   | Place    | Note
--------------------------------------------------------------
     0 | D:1      | Fiveotanaka, the Ogre Berserker, began the quest for the Orb.
     0 | D:1      | Reached XP level 1. HP: 24/24 MP: 1/1
   366 | D:1      | Reached XP level 2. HP: 32/32 MP: 2/2
   953 | D:2      | Acquired Trog's second power
   989 | D:2      | Reached XP level 3. HP: 27/40 MP: 3/3
  1348 | D:2      | Noticed Ijyb
  1362 | D:2      | Killed Ijyb
  1362 | D:2      | Reached skill level 5 in Maces & Flails
  1364 | D:2      | Reached XP level 4. HP: 49/49 MP: 4/4
  1807 | D:2      | Noticed Terence
  1815 | D:2      | Killed Terence
  1874 | D:2      | Reached XP level 5. HP: 38/55 MP: 5/5
  2005 | D:2      | Found a sacrificial altar of Ru.
  2182 | D:3      | Reached skill level 6 in Maces & Flails
  2271 | D:3      | Killed from afar by an orc priest

Action                   |  1- 3 |  4- 6 || total
-------------------------+-------+-------++-------
Melee: Mace              |    92 |    98 ||   190
Invok: Berserk           |     1 |     1 ||     2
  Eat: Chunk             |     1 |     6 ||     7
